 Dungeon Sprint DCSS version 0.22-a0-422-g9628fc8 (webtiles) character file.

3329 Kidiri the Thaumaturge (level 9, 0/54 HPs)
             Began as a Deep Elf Fire Elementalist on May 21, 2018.
             Was a Priest of Vehumet.
             Slain by an unseen horror (11 damage)
             ... in the Dungeon (Sprint III: "The Ten Rune Challenge").
             The game lasted 00:07:41 (1501 turns).

Kidiri the Thaumaturge (Deep Elf Fire Elementalist) Turns: 1501, Time: 00:07:42

Health: 0/54       AC:  2    Str:  3    XL:     9   Next: 71%
Magic:  12/29      EV: 17    Int: 24    God:    Vehumet [***...]
Gold:   47         SH:  0    Dex: 15    Spells: 11/37 levels left

rFire    . . .     SeeInvis .   s - +1 dagger (venom)
rCold    . . .     Gourm    .   (no shield)
rNeg     . . .     Faith    .   a - +0 robe
rPois    +         Spirit   .   (no helmet)
rElec    .         Reflect  .   k - +0 cloak
rCorr    .         Harm     .   (no gloves)
MR       .....     NoTele   +   (no boots)
Stlth    +++.......             (no amulet)
HPRegen  0.18/turn              (no ring)
MPRegen  0.21/turn              (no ring)

@: no status effects
A: fangs 1, camouflage 1, deformed body, sense surroundings 1, poison
resistance, weak 1
a: Renounce Religion


You were in the Dungeon.
You worshipped Vehumet.
Vehumet was most pleased with you.
You were not hungry.

You visited 1 branch You collected 47 gold pieces.

Inventory:

Hand Weapons
 s - a +1 dagger of venom (weapon)
Armour
 a - a +0 robe (worn)
 k - a +0 cloak (worn)
Wands
 r - a wand of acid (6)
Scrolls
 i - a scroll of blinking
 l - 2 scrolls of immolation
 m - a scroll of identify
Potions
 d - 2 potions of curing
 e - a potion of heal wounds
 f - a potion of haste
 g - 2 potions of magic
 h - 2 potions of berserk rage
 n - 2 potions of flight
 p - a potion of invisibility
Comestibles
 b - 9 chunks of flesh
 c - 3 rations


   Skills:
 + Level 5.1 Fighting
 + Level 6.2 Short Blades
 + Level 5.1 Armour
 + Level 8.0 Dodging
 - Level 2.4 Stealth
 * Level 14.8 Spellcasting
 + Level 9.2 Conjurations
 + Level 9.8 Fire Magic
 + Level 1.4 Ice Magic
 + Level 6.2 Air Magic
 + Level 6.8 Poison Magic


You had 11 spell levels left.
You knew the following spells:

 Your Spells              Type           Power        Failure   Level  Hunger
a - Flame Tongue          Conj/Fire      #####        1%          1    None
b - Throw Flame           Conj/Fire      ######       1%          2    None
c - Conjure Flame         Conj/Fire      ######..     1%          3    None
d - Inner Flame           Hex/Fire       #####...     1%          3    None
e - Sticky Flame          Conj/Fire      ######..     1%          4    None
f - Fireball              Conj/Fire      ######....   1%          5    ##.....
g - Mephitic Cloud        Conj/Pois/Air  ######..     1%          3    None
h - Throw Icicle          Conj/Ice       #####...     1%          4    None
i - Magic Dart            Conj           ####         1%          1    None

Your spell library contained the following spells:

 Spells                   Type           Power        Failure   Level  Hunger
 Slow                     Hex            ###.....     4%          2    None
 Blink                    Tloc           N/A          4%          2    None
 Call Imp                 Summ           ###.....     4%          2    None


Dungeon Overview and Level Annotations

Branches:
Dungeon (1/1)

Altars:
Cheibriados
Dithmenos
Elyvilon
Fedhas
Gozag
Hepliaklqana
Kikubaaqudgha
Makhleb
Nemelex Xobeh
Okawaru
Qazlal
Ru
Sif Muna
Trog
Uskayaw
Vehumet
Wu Jian
Xom
Yredelemnul
Zin
The Shining One
Beogh
Jiyva
Lugonu

Annotations:
D exclusion: door


Innate Abilities, Weirdness & Mutations

You have very sharp teeth.
Your skin changes colour to match your surroundings (Stealth+).
Armour fits poorly on your strangely shaped body.
You passively map a small area around you.
Your system is resistant to poisons. (rPois)
You are weak. (Str -2)


Message History

You start resting.
Something barely misses you.
You start resting.
Something hits you!
Deactivating autopickup; reactivate with Ctrl-A.
Something hits you!
* * * LOW HITPOINT WARNING * * *
Something hits you.
* * * LOW HITPOINT WARNING * * *
Unknown command.
Unknown command.
Casting: Inner Flame (safe; 1% risk of failure)
Confirm with . or Enter, or press ? or * to list all spells.
Aiming: Sticky Flame (safe; 1% risk of failure)
Press: ? - help, Shift-Dir - straight line The sticky flame hits something.
The unseen horror is covered in liquid flames!
An unseen horror comes into view.
The unseen horror burns!
The unseen horror closely misses you. The unseen horror hits you!
You die...

### *, * * __#* , * ,
†_#,,, ≈ +## , ,, ,
,,, ..#,,, , * , , ≈≈≈
..#, **, ,, + , #'# **
* *
..#+###############*
** *
..#..≈≈§'.#.+...@x#
,*,
..#.#§§§#.#.#().##.# *
..'.#§§÷#.#.#...#,#.#,
,, ..#.#§..#...#)).#
,#.# ▓▓▓▓▓▓▓▓▓▓▓▓▓▓▓▓#
* #.# , , ≈ ≈, ,* ,
#.# , ≈ ≈ ≈ ,#.#, * *
, * * ## * *


You could see an unseen horror (burning).

Vanquished Creatures
  Snorg (D)
  A centaur warrior (D)
  An unseen horror (D)
  A deep elf mage (D)
  A shadow (D)
  A spatial vortex (D)
  A necrophage (D)
  2 centaurs (D)
  A water elemental (D)
  A jelly (D)
  A wizard (D)
  Crazy Yiuf (D)
  Jessica (D)
  A necromancer (D)
  3 humans (D)
  A kobold demonologist (D)
  An ooze (D)
  A rat (D)
21 creatures vanquished.

Vanquished Creatures (others)
  2 draconian scorchers (D)
  6 hellions (D)
  2 yaktaurs (D)
  2 plants (D)
12 creatures vanquished.

Grand Total: 33 creatures vanquished

Notes
Turn   | Place    | Note
-------+----------+-------------------------------------------
     0 | D        | Kidiri the Deep Elf Fire Elementalist began the quest for the Orb.
     0 | D        | Reached XP level 1. HP: 10/10 MP: 6/6
     5 | D        | Reached skill level 4 in Spellcasting
    79 | D        | Noticed Jessica
    81 | D        | Killed Jessica
    81 | D        | Reached skill level 6 in Spellcasting
    81 | D        | Reached XP level 2. HP: 15/15 MP: 6/11
    81 | D        | Reached XP level 3. HP: 19/19 MP: 6/12
    85 | D        | Learned a level 2 spell: Throw Flame
    89 | D        | Learned a level 3 spell: Conjure Flame
    90 | D        | Killed a hellion
    93 | D        | Learned a level 3 spell: Inner Flame
   113 | D        | Killed a hellion
   118 | D        | Killed a hellion
   120 | D        | Killed a hellion
   121 | D        | Killed a hellion
   122 | D        | Killed a hellion
   135 | D        | Killed a white draconian scorcher
   147 | D        | Reached skill level 7 in Spellcasting
   147 | D        | Reached skill level 5 in Fire Magic
   182 | D        | Killed a white draconian scorcher
   370 | D        | Noticed Crazy Yiuf
   376 | D        | Killed Crazy Yiuf
   376 | D        | Reached skill level 8 in Spellcasting
   376 | D        | Reached XP level 4. HP: 24/24 MP: 8/16
   392 | D        | Learned a level 4 spell: Sticky Flame
   412 | D        | Gained mutation: You have sharp toenails. [potion of mutation]
   412 | D        | Gained mutation: You passively map a small area around you. [potion of mutation]
   413 | D        | Lost mutation: You have sharp toenails. [potion of mutation]
   413 | D        | Gained mutation: You are dopey. (Int -2) [potion of mutation]
   413 | D        | Gained mutation: Your muscles are strong. (Str +2) [potion of mutation]
   414 | D        | Lost mutation: You are dopey. (Int -2) [potion of mutation]
   414 | D        | Lost mutation: Your muscles are strong. (Str +2) [potion of mutation]
   414 | D        | Lost mutation: You passively map a small area around you. [potion of mutation]
   414 | D        | Gained mutation: You are robust. (+10% HP) [potion of mutation]
   414 | D        | Gained mutation: Scrolls take you a little longer to read. [potion of mutation]
   414 | D        | Lost mutation: You are robust. (+10% HP) [potion of mutation]
   414 | D        | Gained mutation: Your flesh is cold resistant. (rC+) [potion of mutation]
   415 | D        | Lost mutation: Your flesh is cold resistant. (rC+) [potion of mutation]
   415 | D        | Lost mutation: Scrolls take you a little longer to read. [potion of mutation]
   415 | D        | Gained mutation: You have a pair of small antennae on your head. [potion of mutation]
   415 | D        | Gained mutation: Your flesh is cold resistant. (rC+) [potion of mutation]
   416 | D        | Lost mutation: Your flesh is cold resistant. (rC+) [potion of mutation]
   416 | D        | Lost mutation: You have a pair of small antennae on your head. [potion of mutation]
   416 | D        | Gained mutation: You are weak. (Str -2) [potion of mutation]
   416 | D        | Gained mutation: Your mind is acute. (Int +2) [potion of mutation]
   416 | D        | Gained mutation: You have very sharp teeth. [potion of mutation]
   416 | D        | Gained mutation: You have a pair of small horns on your head. [potion of mutation]
   417 | D        | Lost mutation: Your mind is acute. (Int +2) [potion of mutation]
   417 | D        | Lost mutation: You have a pair of small horns on your head. [potion of mutation]
   417 | D        | Gained mutation: You passively map a small area around you. [potion of mutation]
   417 | D        | Gained mutation: Armour fits poorly on your strangely shaped body. [potion of mutation]
   417 | D        | Gained mutation: Your skin changes colour to match your surroundings (Stealth+). [potion of mutation]
   417 | D        | Gained mutation: Your system is resistant to poisons. (rPois) [potion of mutation]
   434 | D        | Killed a yaktaur
   434 | D        | Killed a yaktaur
   457 | D        | Noticed a water elemental
   461 | D        | Killed a water elemental
   461 | D        | Reached skill level 9 in Spellcasting
   461 | D        | Reached skill level 5 in Conjurations
   506 | D        | Found a radiant altar of Vehumet.
   507 | D        | Found a deep blue altar of Sif Muna.
   507 | D        | Found an ancient bone altar of Kikubaaqudgha.
   507 | D        | Noticed a wizard
   509 | D        | Killed a wizard
   509 | D        | Reached skill level 10 in Spellcasting
   509 | D        | Reached XP level 5. HP: 28/28 MP: 9/19
   516 | D        | Learned a level 5 spell: Fireball
   528 | D        | Became a worshipper of Vehumet
   533 | D        | Learned a level 3 spell: Mephitic Cloud
   582 | D        | Found a glowing silver altar of Zin.
   583 | D        | Found a glowing golden altar of the Shining One.
   583 | D        | Found a white marble altar of Elyvilon.
   583 | D        | Noticed a deep elf mage
   591 | D        | Killed a deep elf mage
   591 | D        | Reached skill level 12 in Spellcasting
   591 | D        | Reached XP level 6. HP: 23/36 MP: 12/23
   591 | D        | Reached XP level 7. HP: 25/40 MP: 12/24
   704 | D        | Found a hide-covered altar of Uskayaw.
   704 | D        | Found an iron altar of Okawaru.
   706 | D        | Found a roughly hewn altar of Beogh.
   706 | D        | Found a bloodstained altar of Trog.
   706 | D        | Found an ornate altar of the Wu Jian Council.
   706 | D        | Noticed a human
   707 | D        | Noticed a human
   716 | D        | Killed a human
   716 | D        | Reached skill level 5 in Dodging
   717 | D        | Killed a human
   717 | D        | Reached * piety under Vehumet
   717 | D        | Offered knowledge of Shock by Vehumet.
   810 | D        | Found a basalt altar of Yredelemnul.
   810 | D        | Found a shadowy altar of Dithmenos.
   810 | D        | Found a sacrificial altar of Ru.
   882 | D        | Noticed a shadow
   884 | D        | Killed a shadow
   884 | D        | Reached ** piety under Vehumet
   884 | D        | Offered knowledge of Freeze by Vehumet.
   884 | D        | Reached XP level 8. HP: 46/46 MP: 18/26
   940 | D        | Found a blossoming altar of Fedhas.
   940 | D        | Found a stormy altar of Qazlal.
   940 | D        | Found a snail-covered altar of Cheibriados.
   940 | D        | Found a burning altar of Makhleb.
   940 | D        | Found a shimmering altar of Xom.
   941 | D        | Found a hazy altar of Hepliaklqana.
   941 | D        | Found an opulent altar of Gozag.
   941 | D        | Found a sparkling altar of Nemelex Xobeh.
   941 | D        | Found a corrupted altar of Lugonu.
   941 | D        | Found a viscous altar of Jiyva.
   958 | D        | Reached skill level 13 in Spellcasting
  1097 | D        | Noticed Snorg
  1103 | D        | Killed Snorg
  1103 | D        | Offered knowledge of Static Discharge by Vehumet.
  1103 | D        | Reached skill level 5 in Short Blades
  1103 | D        | Reached skill level 5 in Air Magic
  1103 | D        | Reached skill level 5 in Poison Magic
  1103 | D        | Reached XP level 9. HP: 52/52 MP: 0/28
  1242 | D        | Learned a level 1 spell: Magic Dart
  1441 | D        | Noticed a centaur warrior
  1443 | D        | Reached *** piety under Vehumet
  1443 | D        | Reached skill level 14 in Spellcasting
  1447 | D        | Killed a centaur warrior
  1447 | D        | Offered knowledge of Throw Icicle by Vehumet.
  1453 | D        | Learned a level 4 spell: Throw Icicle
  1489 | D        | Noticed an unseen horror
  1493 | D        | Killed an unseen horror
  1493 | D        | Reached skill level 5 in Fighting
  1493 | D        | Reached skill level 5 in Armour
  1493 | D        | Reached skill level 1 in Ice Magic
  1501 | D        | Noticed an unseen horror
  1501 | D        | Slain by an unseen horror

Vault maps used:
D:        dungeon_sprint_mu

Skill      XL: |  1  2  3  4  5  6  7  8  9 |
---------------+----------------------------+-----
Spellcasting   | 6 8 10 12 13 14 | 14.8
Conjurations   | 3 4 5 7 8 9 |  9.2
Fire Magic     | 4 5 6 7 8 9 |  9.8
Fighting       | 2 3 4 5 |  5.1
Short Blades   | 3 4 5 6 |  6.2
Armour         | 2 3 4 5 |  5.1
Dodging        | 4 5 6 8 |  8.0
Air Magic      | 3 4 5 6 |  6.2
Poison Magic   | 3 4 5 6 |  6.8
Ice Magic      | 1 |  1.4
Stealth        | |  2.4

Action                   |  1- 3 |  4- 6 |  7- 9 || total
-------------------------+-------+-------+-------++-------
Melee: Dagger            |       |     1 |       ||     1
 Cast: Flame Tongue      |    16 |     6 |    22 ||    44
       Throw Flame       |     2 |       |       ||     2
       Sticky Flame      |       |     3 |     7 ||    10
       Conjure Flame     |       |     1 |     2 ||     3
       Mephitic Cloud    |       |     1 |     3 ||     4
       Fireball          |       |       |    13 ||    13
       Inner Flame       |       |       |     2 ||     2
       Magic Dart        |       |       |    18 ||    18
Evoke: Wand              |       |       |     1 ||     1
  Use: Potion            |       |     7 |       ||     7
       Scroll            |       |     3 |     1 ||     4
 Stab: Sleeping          |       |     1 |       ||     1
  Eat: Ration            |       |       |     1 ||     1
Armor: Robe              |       |       |     2 ||     2
Dodge: Dodged            |     1 |     1 |    10 ||    12

Table legend:
 A = Spawn XP
 B = Non-spawn XP
 C = Spawn XP percentage of total XP
 D = Spawn monster count
 E = Non-spawn monster count
 F = Spawn count percentage of total count
 G = Total turns spent on level
                    A         B        C        D         E        F      G
               +---------+---------+-------+---------+---------+-------+---------
         Total |       0 |    4756 |   0.0 |       0 |      21 |   0.0 |  1501
               +---------+---------+-------+---------+---------+-------+---------
             D |       0 |    4756 |   0.0 |       0 |      21 |   0.0 |  1501
               +---------+---------+-------+---------+---------+-------+---------
